 Dungeon Crawl Stone Soup version 0.17.0-1-g61d176b (webtiles) character file.

228 kosy22 the Shield-Bearer (level 6, 0/38 HPs)
             Began as a Gargoyle Fighter on Nov 7, 2015.
             Slain by Purgy (1 damage)
             ... on level 4 of the Dungeon.
             The game lasted 00:08:05 (2774 turns).

kosy22 the Shield-Bearer (Gargoyle Fighter)         Turns: 2774, Time: 00:08:06

Health: 0/38       AC: 17    Str: 21    XL:     6   Next: 2%
Magic:  6/6        EV:  4    Int:  9    God:
Gold:   156        SH:  9    Dex:  9    Spells: 0 memorised, 5 levels left

rFire  . . .     SeeInvis .     a - +0 war axe
rCold  . . .     Clarity  .     j - +0 plate armour
rNeg   + . .     SustAt   .     c - +0 shield
rPois  ∞         Gourm    .     (no helmet)
rElec  +         Spirit   .     f - +0 cloak
rCorr  .         Warding  .     (no gloves)
rMut   .         Stasis   .     (no boots)
MR     .....                    (no amulet)
Stlth  ..........               (no ring)
                                (no ring)

@: not resistant to hostile enchantments, extremely unstealthy
A: negative energy resistance 1, electricity resistance, unbreathing,
petrification resistance, rot immunity, AC +4
a: no special abilities


You were on level 4 of the Dungeon.
You were not hungry.

You visited 1 branch of the dungeon, and saw 4 of its levels.

You collected 156 gold pieces.

Inventory:

Hand Weapons
 a - a +0 war axe (weapon)
Missiles
 r - a throwing net (quivered)
Armour
 b - a +0 scale mail
 c - a +0 shield (worn)
 f - a +0 cloak (worn)
 j - a +0 plate armour (worn)
Scrolls
 g - a scroll of recharging {unknown}
 k - a scroll of remove curse
 l - a scroll of teleportation {unknown}
 m - a scroll of identify
 o - a scroll of noise {unknown}
 p - a scroll of fog {unknown}
 t - a scroll of enchant armour {unknown}
Potions
 d - 3 potions of might
 h - a potion of invisibility {unknown}
 i - 2 potions of curing
 n - 2 potions of flight {unknown}
 s - a potion of poison {unknown}
Comestibles
 e - 2 bread rations
 q - 2 meat rations
 u - 3 chunks of flesh
 v - 2 fruits


   Skills:
 + Level 4.2 Fighting
 + Level 2.8 Axes
 + Level 4.3 Armour
 + Level 1.0 Dodging
 + Level 0.5 Stealth
 + Level 4.8 Shields


You had 5 spell levels left.
You didn't know any spells.

Dungeon Overview and Level Annotations

Branches:
Dungeon (4/15)
 Temple: D:4-7

Altars:
Ashenzari
Dithmenos
Sif Muna
Trog

Annotations:
D:4 Purgy


Innate Abilities, Weirdness & Mutations

You are resistant to torment.
Your stone body is resilient (AC +4).
You are immune to poison.
You resist negative energy.
You are resistant to electric shocks.
You can survive without breathing.
You are immune to petrification.
You are immune to rotting.


Message History

Purgy completely misses you. x2
You hit Purgy.
Purgy is almost dead.
You closely miss the hound.
The hound is almost dead.
The hound bites you but does no damage. The hound barely misses you.
Purgy bites you but does no damage. Purgy claws you but does no damage.
You block Purgy's attack. The hound bites you but does no damage.
You hit Purgy but do no damage.
Purgy is almost dead.
You hit the hound.
You kill the hound!
You have reached level 6!
Your experience leads to an increase in your attributes!
Increase (S)trength, (I)ntelligence, or (D)exterity?
You feel stronger. Purgy bites you.
* * * LOW HITPOINT WARNING * * *
Purgy claws you but does no damage. Purgy claws you.
You die...

#....... ....#
#......? ..#.#
.#......### #.#.#
..........###(#.#
.........>..#.#.#
..........#.#.#.#
#......T#.#.#...#
#...@#.#.##..#
#.....#......#
####.#.#.##<##
...#.#.##.#
#####.......
###.##.## #.##.#
#.##.# ...#.#


You could see Purgy.

Vanquished Creatures
  A hound (D:4)
  An iguana (D:4)
  6 adders
  5 gnolls
  2 adder skeletons (D:2)
  7 giant geckos
  An orc (D:3)
  A bat (D:3)
  2 giant cockroaches (D:1)
  11 hobgoblins
  2 jackals (D:2)
  A quokka (D:3)
  A ball python (D:2)
  4 giant newts (D:1)
  9 goblins
  6 kobolds
  8 rats
68 creatures vanquished.

Notes
Turn   | Place    | Note
--------------------------------------------------------------
     0 | D:1      | kosy22 the Gargoyle Fighter began the quest for the Orb.
     0 | D:1      | Reached XP level 1. HP: 14/14 MP: 1/1
    72 | D:1      | Reached XP level 2. HP: 16/19 MP: 2/2
   533 | D:1      | Reached XP level 3. HP: 24/24 MP: 3/3
  1067 | D:2      | Reached skill level 4 in Fighting
  1067 | D:2      | Reached XP level 4. HP: 25/29 MP: 4/4
  1086 | D:2      | Found a shattered altar of Ashenzari.
  1359 | D:2      | Found a deep blue altar of Sif Muna.
  1588 | D:2      | Found a shadowy altar of Dithmenos.
  1708 | D:3      | Reached XP level 5. HP: 11/33 MP: 5/5
  1941 | D:3      | Found a bloodstained altar of Trog.
  1950 | D:3      | Reached skill level 1 in Dodging
  2741 | D:4      | Noticed Purgy
  2774 | D:4      | Reached XP level 6. HP: 3/38 MP: 6/6
  2774 | D:4      | HP: 1/38 [Purgy (2)]
  2774 | D:4      | Slain by Purgy

Action                   |  1- 3 |  4- 6 || total
-------------------------+-------+-------++-------
Melee: War axe           |    90 |   168 ||   258
  Use: Scroll            |       |     2 ||     2
       Potion            |       |     1 ||     1
  Eat: Bread ration      |     1 |     1 ||     2
